 Dungeon Crawl Stone Soup version 0.31-a0-640-g39d97e502b (webtiles) character file.

Game seed: 2762854729096070715

340 qw the Shooter (level 6, -5/38 HPs)
             Began as a Gargoyle Hunter on Aug 27, 2023.
             Was an Initiate of Okawaru.
             Slain by a gnoll
             ... wielding a +0 halberd
              (6 damage)
             ... on level 4 of the Dungeon.
             The game lasted 00:01:10 (2701 turns).

qw the Shooter (Gargoyle Hunter)                    Turns: 2701, Time: 00:01:10

Health: -5/38      AC: 13    Str: 14    XL:     6   Next: 56%
Magic:  6/6        EV: 10    Int: 10    God:    Okawaru [......]
Gold:   46         SH:  0    Dex: 15    Spells: 5/5 levels left

rFire   . . .        Y - +0 shortbow
rCold   . . .        (shield currently unavailable)
rNeg    + . .        a - +0 ring mail
rPois   inf          c - +2 helmet
rElec   +            j - +0 cloak
rCorr   .            (no gloves)
SInv    .            (no boots)
Will    .....        (no amulet)
Stlth   +            (no ring)
HPRegen 0.26/turn    (no ring)
MPRegen 0.10/turn

%: no passive effects
@: no status effects
A: sickness immunity, AC +4, negative energy resistance 1, electricity
resistance, torment resistance 1, petrification resistance
a: Renounce Religion


You were on level 4 of the Dungeon.
You worshipped Okawaru.
Okawaru was noncommittal.
You visited 1 branch of the dungeon, and saw 4 of its levels.

You collected 145 gold pieces.
You spent 99 gold pieces at shops.


Innate Abilities, Weirdness & Mutations

You are immune to sickness and miasma.
Your stone body is resilient. (AC +4)
You are immune to poison.
You resist negative energy. (rN+)
You are resistant to electric shocks. (rElec)
You are resistant to unholy torment.
You are immune to petrification.


   Skills:
 - Level 4.2 Fighting
 + Level 6.7 Ranged Weapons
 - Level 1.0 Armour
 - Level 1.5 Dodging
 - Level 1.1 Stealth


You had 5 spell levels left.
You didn't know any spells.
Your spell library was empty.

Inventory:

Hand Weapons
 Y - a +0 shortbow (weapon)
Armour
 a - a +0 ring mail (worn)
 c - a +2 helmet (worn)
 j - a +0 cloak (worn)
Scrolls
 b - a scroll of identify
Potions
 d - a potion of berserk rage {unknown}
 e - a potion of haste {unknown}
 f - a potion of ambrosia {unknown}
 g - a potion of resistance {unknown}
 i - a potion of lignification {unknown}

Dungeon Overview and Level Annotations

Branches:
Dungeon (4/15)
 Temple: D:4-7

Altars:
Makhleb
Nemelex Xobeh
Okawaru

Shops:
D:3 [

Annotations:
D:2 1 runed translucent door, Crazy Yiuf


Message History

You shoot an arrow.
The arrow hits the gnoll but does no damage.
The gnoll closely misses you. The gnoll barely misses you.
You shoot an arrow. The arrow hits the gnoll!
The gnoll is severely wounded.
The gnoll hits you from afar with a +0 halberd.
The gnoll barely misses you.
You shoot an arrow. The arrow barely misses the gnoll.
The gnoll closely misses you. The gnoll hits you with a +0 club.
You shoot an arrow. The arrow closely misses the gnoll.
The gnoll barely misses you. The gnoll completely misses you.
You shoot an arrow. The arrow hits the gnoll.
The gnoll is almost dead.
The gnoll closely misses you. The gnoll barely misses you.
The gnoll hits you from afar with a +0 halberd.
The gnoll hits you with a +0 club.
You shoot an arrow. The arrow hits the gnoll.
The gnoll is almost dead.
The gnoll hits you but does no damage. The gnoll closely misses you.
You shoot an arrow.
The arrow hits the gnoll but does no damage.
The gnoll is almost dead.
The gnoll hits you from afar with a +0 halberd.
The gnoll barely misses you.
You shoot an arrow. The arrow closely misses the gnoll.
The gnoll closely misses you. The gnoll hits you with a +0 club.
You shoot an arrow. The arrow barely misses the gnoll.
The gnoll hits you but does no damage. The gnoll barely misses you.
You shoot an arrow. The arrow barely misses the gnoll.
The gnoll hits you but does no damage.
The gnoll hits you from afar with a +0 halberd.
You shoot an arrow. The arrow barely misses the gnoll.
The gnoll hits you but does no damage.
The gnoll hits you from afar with a +0 halberd.
The gnoll hits you but does no damage. x2
You shoot an arrow. The arrow hits the gnoll.
You kill the gnoll!
Okawaru accepts your kill.
The gnoll hits you from afar with a +0 halberd.
You die...

....... .... ##..... ...
....... #.. .......
#..### ##).... #....#
....... #....# .......
.###..).################
......)@........#.......
.....g##........#.......
.>..............#.......
........................
.............#..........
.............#..........
. ................##...~
.................#..~~
...............#..~~


You could see a gnoll.

Vanquished Creatures
  Terence (D:2)
  Natasha (thrice) (D:2)
  3 iguanas
  A sleepcap (D:4)
  Robin (D:3)
  3 gnolls (D:4)
  3 adders
  2 dart slugs
  8 ball pythons
  5 endoplasms
  2 giant cockroaches
  16 goblins
  3 hobgoblins
  6 jackals
  5 kobolds
  3 quokkas
  7 bats
  4 frilled lizards
  5 rats
81 creatures vanquished.

Notes
Turn   | Place    | Note
-------+----------+-------------------------------------------
     0 | D:1      | qw the Gargoyle Hunter began the quest for the Orb.
     0 | D:1      | Reached XP level 1. HP: 12/12 MP: 1/1
     0 | D:1      | 0 ||| qw: Version: 0.3-a-74-g0d5e918
     0 | D:1      | 0 ||| qw: Game counter: 37
     0 | D:1      | 0 ||| qw: Melee chars always use a shield: true
     0 | D:1      | 0 ||| qw: God list: Okawaru
     0 | D:1      | 0 ||| qw: Allow faded altars: false
     0 | D:1      | 0 ||| qw: Do Orc after clearing Dungeon:15 true
     0 | D:1      | 0 ||| qw: Do second Lair branch before Depths: true
     0 | D:1      | 0 ||| qw: Lair rune preference: random
     0 | D:1      | 0 ||| qw: Goals: Normal
     0 | D:1      | 0 ||| PLANNING D:1-11
   140 | D:1      | Reached XP level 2. HP: 17/17 MP: 2/2
   337 | D:1      | Reached XP level 3. HP: 18/21 MP: 3/3
   676 | D:1      | 676 ||| READING scroll labelled FAIPLI MUGEALU.
   677 | D:1      | 677 ||| READING 2 scrolls labelled TEUGHINKIE.
   678 | D:1      | 678 ||| READING scroll labelled COGHAO OVUATWO.
   779 | D:1      | 779 ||| DRINKING 2 dark potions.
   780 | D:1      | 780 ||| DROPPING scroll of butterflies.
   781 | D:1      | 781 ||| DROPPING scroll of revelation.
   803 | D:2      | Noticed Natasha
   806 | D:2      | Killed Natasha
   807 | D:2      | Reached skill level 5 in Ranged Weapons
   954 | D:2      | Noticed Natasha
   962 | D:2      | Killed Natasha
   963 | D:2      | Reached skill level 3 in Fighting
   963 | D:2      | Reached XP level 4. HP: 9/28 MP: 4/4
  1053 | D:2      | Noticed Natasha
  1067 | D:2      | Killed Natasha
  1218 | D:2      | Reached XP level 5. HP: 32/32 MP: 5/5
  1312 | D:2      | Noticed Terence
  1328 | D:2      | Killed Terence
  1329 | D:2      | Reached skill level 6 in Ranged Weapons
  1446 | D:2      | Found a runed translucent door.
  1447 | D:2      | Noticed Crazy Yiuf
  1676 | D:2      | 1676 ||| UPGRADING to +0 ring mail.
  1686 | D:2      | 1686 ||| DROPPING +0 leather armour.
  1687 | D:2      | 1687 ||| READING 2 scrolls labelled SAANOL WIMEN.
  1715 | D:3      | 1715 ||| STAIRDANCE
  1811 | D:3      | Reached skill level 1 in Armour
  2050 | D:3      | Noticed Robin
  2072 | D:3      | HP: 3/33 [Robin/+0 trident of venom (8)]
  2073 | D:3      | 2073 ||| DRINKING potion of heal wounds.
  2082 | D:3      | Killed Robin
  2269 | D:3      | Found Kuxuesarch's Antique Armour Shoppe.
  2274 | D:3      | 2274 ||| BUYING cloak (99 gold).
  2274 | D:3      | Bought a cloak for 99 gold pieces
  2274 | D:3      | 2274 ||| SHOPLISTING distressingly furry leather armour
                  | (154 gold, have 24).
  2274 | D:3      | 2274 ||| SHOPLISTING pair of boots (99 gold, have 24).
  2274 | D:3      | 2274 ||| SHOPLISTING pair of gloves (99 gold, have 24).
  2348 | D:3      | Found an iron altar of Okawaru.
  2349 | D:3      | 2349 ||| PLANNING OKAWARU WORSHIP
  2349 | D:3      | 2349 ||| UPGRADING to +2 helmet.
  2354 | D:3      | 2354 ||| UPGRADING to +0 cloak.
  2359 | D:3      | 2359 ||| READING scroll labelled ARRIMIKKUIDU.
  2362 | D:3      | 2362 ||| READING scroll labelled DAPOSS TADD.
  2430 | D:3      | Found a sparkling altar of Nemelex Xobeh.
  2443 | D:3      | Reached XP level 6. HP: 24/38 MP: 6/6
  2497 | D:3      | Became a worshipper of Warmaster Okawaru
  2498 | D:3      | 2498 ||| PLANNING D:1-11
  2569 | D:3      | 2569 ||| READING scroll labelled EPNOMEGUER.
  2636 | D:4      | Found a burning altar of Makhleb.
  2696 | D:4      | HP: 8/38 [gnoll/+0 halberd (4)]
  2700 | D:4      | HP: 1/38 [gnoll/+0 halberd (5)]
  2701 | D:4      | Slain by a gnoll

Levels and vault maps discovered:
D:1:      onia_arrival_mini_spirals, layout_basic, minmay_misc_feat_alley,
          st_stairs_11
D:2:      layout_basic, minmay_crystal_room, uniq_natasha,
          uniq_crazy_yiuf_cottage, uniq_terence
D:3:      layout_basic, grunt_temple_overflow_open, serial_shops, shop_statue,
          minmay_liquid_box, patterned_corridor, uniq_robin
D:4:      gammafunk_cloud_chamber, layout_basic, mainiacjoe_overflow_catwalk,
          nicolae_ru_path_of_blood, gammafunk_temple_overflow_statue,
          serial_shops, nicolae_shop_just_a_little_nook, bh_walls_and_bars,
          uniq_blork_the_orc, uniq_ijyb

Skill      XL: |  1  2  3  4  5 |
---------------+----------------+-----
Ranged Weapons | 5 6 |  6.7
Fighting       | 3 4 |  4.2
Armour         | 1 |  1.0
Dodging        | |  1.5
Stealth        | |  1.1

Action                     |  1- 3 |  4- 6 || total
---------------------------+-------+-------++-------
   Fire: Shortbow          |    79 |   220 ||   299
    Use: Scroll            |     3 |     4 ||     7
         Potion            |     1 |     1 ||     2
 Armour: Leather armour    |    15 |    12 ||    27
         Ring mail         |       |    56 ||    56
  Dodge: Dodged            |    15 |    71 ||    86

Table legend:
 A = Non-vault XP
 B = Vault XP
 C = Vault XP percentage of total XP
 D = Non-vault monster count
 E = Vault monster count
 F = Vault count percentage of total count
                 A         B        C        D         E       F
            +---------+---------+-------+---------+---------+-------
      Total |     386 |     114 |  22.8 |      64 |      17 |  21.0
            +---------+---------+-------+---------+---------+-------
        D:1 |      27 |       8 |  22.9 |      16 |       3 |  15.8
        D:2 |     105 |      71 |  40.3 |      17 |       2 |  10.5
        D:3 |      92 |      35 |  27.6 |      22 |      12 |  35.3
        D:4 |     162 |       0 |   0.0 |       9 |       0 |   0.0
            +---------+---------+-------+---------+---------+-------
